 Dungeon Crawl Stone Soup version 0.27.1-3-gb3d3a73c9e (webtiles) character file.

Game seed: 9203050613148397997

9198 pkoi the Carver (level 11, -5/91 HPs)
             Began as a Minotaur Fighter on Oct 19, 2021.
             Was a Follower of Ashenzari.
             Killed from afar by a manticore (10 damage)
             ... with a volley of spikes
             ... on level 11 of the Dungeon.
             The game lasted 00:16:08 (10881 turns).

pkoi the Carver (Minotaur Fighter)                 Turns: 10881, Time: 00:16:08

Health: -5/91      AC: 10    Str: 25    XL:     11   Next: 19%
Magic:  10/10      EV: 12    Int:  5    God:    Ashenzari [*.....]
Gold:   522        SH: 14    Dex: 11    Spells: 10/10 levels left

rFire    . . .     SeeInvis +   a - +0 long sword (spect)
rCold    + . .     Faith    .   c - +1 kite shield of the Shattered Pleiades {Melee, Self} (curse)
rNeg     . . .     Spirit   .   u - +2 leather armour "Per Aspera Ad Scientiam" {Str+2 SInv, Evo, Cun} (curse)
rPois    .         Reflect  .   z - +0 hat
rElec    .         Harm     .   (no cloak)
rCorr    .         Rampage  .   (no gloves)
Will     .....                  A - +0 pair of boots
Stlth    +.........             (no amulet)
HPRegen  0.25/turn              f - ring of protection from cold
MPRegen  0.12/turn              C - +4 ring of protection

@: about to teleport, spiked
A: horns 2, retaliatory headbutt
a: Renounce Religion, Curse Item, Shatter the Chains


You were on level 11 of the Dungeon.
You worshipped Ashenzari.
Ashenzari was aware of your devotion.
You visited 2 branches of the dungeon, and saw 12 of its levels.
You also visited: Sewer.

You collected 522 gold pieces.

Inventory:

Hand Weapons
 a - a +0 spectral long sword (weapon)
Missiles
 h - 3 javelins
 l - 19 poisoned darts (quivered)
Armour
 b - a +0 scale mail
 c - the cursed +1 kite shield of the Shattered Pleiades (worn) {Melee, Self}

   It has a curse which improves the following skills: Melee Combat: Short
   Blades, Long Blades, Axes, Maces & Flails, Polearms, Staves and Unarmed
   Combat.
   Introspection: Fighting and Spellcasting.
 g - a +2 ring mail of cold resistance
 q - a +0 plate armour
 u - the cursed +2 leather armour "Per Aspera Ad Scientiam" (worn) {Str+2 SInv, Evo, Cun}
   (You found it on level 7 of the Dungeon)

   Str:       It affects your strength (+2).
   SInv:      It lets you see invisible.
   It has a curse which improves the following skills: Evocations: Evocations.
   Cunning:   Dodging and Stealth.
 z - a +0 hat (worn)
 A - a +0 pair of boots (worn)
Jewellery
 f - a ring of protection from cold (left hand)
 o - an amulet of magic regeneration
 y - a +6 ring of intelligence
 C - a +4 ring of protection (right hand)
Wands
 i - a wand of mindburst (11)
 w - a wand of digging (2)
Scrolls
 e - 2 scrolls of blinking
 m - 7 scrolls of fog
 r - 3 scrolls of magic mapping
 t - 2 scrolls of enchant armour
 x - a scroll of enchant weapon
 B - a scroll of fear
Potions
 d - 2 potions of might
 j - 2 potions of brilliance
 k - 4 potions of haste
 n - a potion of cancellation
 p - 2 potions of curing
 s - a potion of flight


   Skills:
 + Level 5.9(6.9) Fighting
 * Level 14.7(15.5) Long Blades
 + Level 3.5 Throwing
 - Level 3.6 Armour
 + Level 4.0(5.0) Dodging
 + Level 11.3 Shields
 + Level 3.2(4.1) Evocations


You had 10 spell levels left.
You didn't know any spells.
Your spell library contained the following spells:

 Spells                   Type           Power      Damage    Failure   Level
 Magic Dart               Conj           0%         1d3       69%         1
 Sandblast                Erth           0%         2d4       69%         1
 Call Imp                 Summ           0%         N/A       83%         2
 Passwall                 Tmut/Erth      0%         N/A       83%         2
 Static Discharge         Conj/Air       0%         N/A       83%         2
 Sublimation of Blood     Necr           0%         N/A       83%         2
 Wereblood                Tmut           0%         N/A       83%         2
 Mephitic Cloud           Conj/Pois/Air  0%         N/A       96%         3
 Dispel Undead            Necr           0%         3d6       100%        4
 Sticky Flame             Conj/Fire      0%         2d3       100%        4
 Freezing Cloud           Conj/Ice/Air   0%         6-21      100%        5
 Lee's Rapid Deconstruct  Erth           0%         3d5*      100%        5
 Simulacrum               Ice/Necr       0%         N/A       100%        6
 Summon Hydra             Summ           0%         N/A       100%        7
 Polar Vortex             Ice            0%         N/A       100%        9


Dungeon Overview and Level Annotations

Branches:
Dungeon (11/15)            Temple (1/1) D:5             Orc (0/2) D:10
  Sewer (visited)
   Lair: D:8-11

Altars:
Ashenzari
Cheibriados
Dithmenos
Elyvilon
Fedhas
Gozag
Hepliaklqana
Kikubaaqudgha
Makhleb
Nemelex Xobeh
Okawaru
Qazlal
Ru
Sif Muna
Trog
Uskayaw
Vehumet
Wu Jian
Xom
Yredelemnul
Zin
The Shining One

Shops:
D:1 :

Annotations:
D:4 exclusion: statue
D:6 1 runed translucent door, pkoi's ghost, novice TrMo
D:11 3 runed translucent doors, Hypnoxylon's ghost, journeyman TrFi


Innate Abilities, Weirdness & Mutations

You have a pair of horns on your head.
You reflexively headbutt those who attack you in melee.


Message History

The manticore flicks its tail.
You block the volley of spikes.
An orc warrior comes into view. It is wielding a +0 glaive.
The manticore flicks its tail.
The volley of spikes hits you but does no damage.
The manticore bites you! You block the manticore's attack. x2
You hit the manticore.
The manticore is lightly wounded.
Your +0 spectral long sword hits the manticore.
The manticore bites you!! You block the manticore's attack. x2
You hit the manticore. Your headbutt misses the manticore.
The manticore is lightly wounded.
Your +0 spectral long sword closely misses the manticore.
You block the orc warrior's attack. The manticore bites you!!
* * * LOW HITPOINT WARNING * * *
You block the manticore's attack. The manticore barely misses you.
You hit the manticore.
The manticore is moderately wounded.
Your +0 spectral long sword hits the manticore.
The orc warrior barely misses you. You block the manticore's attack. x2
The manticore claws you!
* * * LOW HITPOINT WARNING * * *
Unknown command.
You hit the manticore but do no damage.
The manticore is moderately wounded.
Your +0 spectral long sword closely misses the manticore.
You block the orc warrior's attack. The manticore bites you!
* * * LOW HITPOINT WARNING * * *
You block the manticore's attack.
The manticore claws you but does no damage.
The manticore flicks its tail.
The volley of spikes hits you!
The barbed spikes become lodged in your body.
* * * LOW HITPOINT WARNING * * *
As you read the scroll of teleportation, it crumbles to dust.
You feel strangely unstable. You block the orc warrior's attack.
The manticore flicks its tail.
The volley of spikes hits you!
The barbed spikes become lodged in your body.
You die...

... #.# ##.........
..#.#.# #.........
#.#.#.# #......... .
#.#.#.# #.>.#.#### ..# #
#.#.#.# #...#.#
...#.#.#.#.# #...#.####
..#..#H#.#.## #...#.....
#..#o.#.#..# #...#####.
.#..#..@.#..###...#.....
#..#..#..#....†.....###.
#..#..#..#.##.......# #.
#......#.##.......###.
..#....#.#.##...........
....#.#..#.##......#####
...#.#.#.#.#####.###
....#.#..#.# #.#
.......#.#.# #.#


You could see a manticore and an orc warrior.

Vanquished Creatures
  2 two-headed ogres
  An ugly thing (D:11)
  2 unseen horrors (D:10)
  2 trolls
  A hornet (D:9)
  A vampire (D:10)
  A shadow (D:10)
  2 wyverns
  10 yaks
  A steam dragon (D:8)
  Edmund (D:6)
  An acid dragon (D:8)
  A sky beast (D:6)
  2 orc warriors (D:6)
  An ice beast (D:7)
  A necrophage (D:6)
  4 centaurs
  3 ogres (D:6)
  Blork the orc (D:4)
  A bullfrog (D:8)
  3 scorpions
  A wyvern skeleton (D:7)
  A water moccasin zombie (D:5)
  2 water moccasin skeletons
  5 killer bees (D:8)
  An electric eel (D:11)
  9 wights
  4 howler monkeys
  4 centaur zombies
  3 orc priests
  A bullfrog skeleton (D:5)
  2 hounds
  A jelly (D:6)
  3 centaur skeletons
  A gnoll shaman (D:5)
  4 iguanas
  9 orc wizards
  Natasha (twice) (D:4)
  A hound zombie (D:5)
  2 howler monkey zombies
  8 gnolls
  4 river rats (Sewer)
  7 adders
  2 white imps
  An adder skeleton (D:4)
  3 dart slugs
  20 orcs
  9 bats
  8 endoplasms
  A giant cockroach (D:2)
  6 goblins
  4 hobgoblins
  6 jackals
  2 quokkas (D:2)
  10 ball pythons
  8 frilled lizards
  4 kobolds
  A quokka skeleton (D:4)
  11 rats
213 creatures vanquished.

Vanquished Creatures (collateral kills)
  A kobold (D:4)
1 creature vanquished.

Grand Total: 214 creatures vanquished

Notes
Turn   | Place    | Note
-------+----------+-------------------------------------------
     0 | D:1      | pkoi the Minotaur Fighter began the quest for the Orb.
     0 | D:1      | Reached XP level 1. HP: 19/19 MP: 0/0
    79 | D:1      | Reached skill level 3 in Long Blades
   134 | D:1      | Reached XP level 2. HP: 26/26 MP: 1/1
   305 | D:1      | Found Besmuneh's Book Shop.
   531 | D:1      | Reached XP level 3. HP: 30/31 MP: 2/2
   736 | D:2      | Reached skill level 4 in Long Blades
   775 | D:2      | Found a faded altar of an unknown god.
  1391 | D:2      | Reached XP level 4. HP: 39/39 MP: 3/3
  1818 | D:3      | Found a glowing drain.
  1826 | D:3      | Reached skill level 5 in Long Blades
  1834 | Sewer    | Entered a sewer
  2130 | Sewer    | Reached XP level 5. HP: 44/45 MP: 4/4
  2638 | D:4      | Reached skill level 5 in Shields
  2651 | D:4      | Reached skill level 6 in Long Blades
  2671 | D:4      | Reached XP level 6. HP: 44/51 MP: 5/5
  2778 | D:4      | Noticed Natasha
  2783 | D:4      | Killed Natasha
  2911 | D:4      | Found a radiant altar of Vehumet.
  2999 | D:4      | Noticed Natasha
  3004 | D:4      | Killed Natasha
  3005 | D:4      | Reached skill level 7 in Long Blades
  3036 | D:4      | Noticed Blork the orc
  3041 | D:4      | Killed Blork the orc
  3160 | D:4      | Found a snail-covered altar of Cheibriados.
  3259 | D:5      | Entered Level 5 of the Dungeon
  3279 | D:5      | Reached XP level 7. HP: 39/57 MP: 6/6
  3379 | D:5      | Found a staircase to the Ecumenical Temple.
  3404 | Temple   | Entered the Ecumenical Temple
  3558 | Temple   | Became a worshipper of Ashenzari the Shackled
  3659 | D:5      | Reached skill level 8 in Long Blades
  4350 | D:6      | Found an iron altar of Okawaru.
  4357 | D:6      | Reached skill level 9 in Long Blades
  4633 | D:6      | Reached XP level 8. HP: 32/64 MP: 7/7
  4983 | D:6      | Reached skill level 10 in Long Blades
  5365 | D:6      | Found a runed translucent door.
  5366 | D:6      | Noticed pkoi's ghost (novice TrMo)
  5375 | D:6      | Noticed Edmund
  5384 | D:6      | Killed Edmund
  5385 | D:6      | Reached skill level 11 in Long Blades
  5821 | D:7      | Identified the +2 leather armour "Fidem" {Str+2 SInv}
  5852 | D:7      | Found a hazy altar of Hepliaklqana.
  5934 | D:7      | Reached XP level 9. HP: 38/69 MP: 8/8
  6833 | D:7      | Reached skill level 12 in Long Blades
  6948 | D:8      | Noticed a two-headed ogre
  7054 | D:8      | Killed a two-headed ogre
  7055 | D:8      | Reached skill level 13 in Long Blades
  7055 | D:8      | Reached skill level 10 in Shields
  7299 | D:8      | Reached * piety under Ashenzari
  7530 | D:8      | Reached XP level 10. HP: 80/80 MP: 9/9
  8029 | D:8      | Reached skill level 1 in Dodging
  8029 | D:8      | Reached skill level 1 in Evocations
  8319 | D:9      | Reached skill level 1 in Throwing
  8723 | D:9      | Reached skill level 14 in Long Blades
  9089 | D:9      | Paralysed by a hornet for 1 turns
  9360 | D:10     | Entered Level 10 of the Dungeon
  9459 | D:10     | Identified a scroll of acquirement
  9493 | D:10     | Acquired a +0 hat
  9619 | D:10     | Reached skill level 5 in Fighting
 10356 | D:10     | Found a basalt altar of Yredelemnul.
 10378 | D:10     | Found a staircase to the Orcish Mines.
 10456 | D:10     | Found a glowing silver altar of Zin.
 10536 | D:11     | Noticed a two-headed ogre
 10543 | D:11     | Reached XP level 11. HP: 90/91 MP: 10/10
 10546 | D:11     | Killed a two-headed ogre
 10627 | D:11     | Found a runed translucent gate.
 10628 | D:11     | Found a runed translucent gate.
 10628 | D:11     | Found a runed translucent gate.
 10628 | D:11     | Noticed Hypnoxylon's ghost (journeyman TrFi)
 10757 | D:11     | Noticed a purple ugly thing
 10791 | D:11     | Killed a purple ugly thing
 10881 | D:11     | Killed from afar by a manticore

Illustrated notes

Levels and vault maps discovered:
D:1:      minmay_arrival_open_corners, layout_basic, serial_shops,
          nicolae_shop_window_shopping
D:2:      layout_loops_ring, ebering_ecumenical_altar_mist, minivault_19
D:3:      layout_rooms, portal_sewer_entry_d, nrook_mini_backslash,
          nrook_mini_vaults
D:4:      layout_rooms, mainiacjoe_overflow_paths, vehumet_statue,
          minmay_close_crescents, uniq_blork_the_orc, uniq_natasha
D:5:      layout_cave_pools, minmay_temple_entry_tees, kennysheep_potato
D:6:      layout_loops_corners, okawaru_trees_1, ebering_ghost_inner_flame,
          uniq_edmund
D:7:      layout_loops_ring, nzn_hepliaklqana_mist_gate
D:8:      layout_basic
D:9:      layout_basic
D:10:     layout_rooms, mainiacjoe_overflow_swirl, orc_0_dummy,
          minmay_door_square
D:11:     minmay_the_grid_triangle_9x9_line_8_mashed
          [minmay_the_grid_triangle_9x9_intruding_spiral,
          minmay_the_grid_triangle_9x9_limited_checkers,
          minmay_the_grid_triangle_9x9_odd_lines,
          minmay_the_grid_triangle_9x9_flanged_cone,
          minmay_the_grid_triangle_9x9_longest,
          minmay_the_grid_triangle_9x9_negative_grid,
          minmay_the_grid_triangle_9x9_empty,
          minmay_the_grid_triangle_9x9_prize_schism], layout_basic,
          gammafunk_ghost_spectres, st_stairs_14,
          nicolae_qazlal_style_of_elements
Temple:   nicolae_temple_elliptical

Skill      XL: |  1  2  3  4  5  6  7  8  9 10 11 |
---------------+----------------------------------+-----
Long Blades    | 3 4 5 6 7 9 11 13 14 | 14.7
Shields        | 4 5 6 7 8 10 11 | 11.3
Fighting       | 5 |  5.9
Dodging        | 3 4 |  4.0
Evocations     | 2 3 |  3.2
Throwing       | 3 |  3.5
Armour         | |  3.6

Action                   |  1- 3 |  4- 6 |  7- 9 | 10-12 || total
-------------------------+-------+-------+-------+-------++-------
Melee: Long sword        |    94 |    98 |   199 |   152 ||   543
       Headbutt          |    12 |    15 |    38 |    38 ||   103
Invok: Curse Item        |       |       |     2 |       ||     2
Evoke: Wand              |       |       |       |     5 ||     5
  Use: Scroll            |       |     9 |       |     2 ||    11
       Potion            |       |       |     1 |       ||     1
 Stab: Distracted        |       |       |     2 |     5 ||     7
Armor: Scale mail        |    27 |       |       |       ||    27
       Ring mail         |    10 |    30 |    24 |       ||    64
       Leather armour    |       |       |    14 |    26 ||    40
Dodge: Dodged            |    25 |    23 |    49 |    50 ||   147
Block: Kite shield       |    55 |    59 |   109 |   116 ||   339
       Rpst.: Long sword |     4 |     7 |     8 |    11 ||    30
